 Dungeon Crawl Stone Soup version 0.31.0-11-ge490571c62 (webtiles) character file.

Game seed: 7735250616678435133

449 qw the Shooter (level 6, -3/30 HPs)
             Began as a Spriggan Hunter on Feb 3, 2024.
             Slain by a phantom (7 damage)
             ... on level 4 of the Dungeon.
             The game lasted 00:01:03 (2532 turns).

qw the Shooter (Spriggan Hunter)                    Turns: 2532, Time: 00:01:04

Health: -3/30      AC:  2    Str:  7    XL:     6   Next: 74%
Magic:  7/7        EV: 22    Int: 10    God:
Gold:   148        SH:  0    Dex: 21    Spells: 5/5 levels left

rFire   + . .        a - +1 shortbow
rCold   + . .        (shield currently unavailable)
rNeg    + . .        c - +0 robe
rPois   .            (helmet restricted)
rElec   .            d - scarf {rC+ rF+}
rCorr   .            (gloves unavailable)
SInv    +            (boots unavailable)
Will    +....        (no amulet)
Stlth   ++           i - ring of positive energy
HPRegen 0.25/turn    (no ring)
MPRegen 0.10/turn

%: no passive effects
@: about to teleport, very quick
A: very small, no large weapons, unfitting armour, see invisible, speed 3
a: no special abilities


You were on level 4 of the Dungeon.
You visited 1 branch of the dungeon, and saw 4 of its levels.

You collected 148 gold pieces.


Innate Abilities, Weirdness & Mutations

You are very small and have problems with some larger weapons.
You are too small for most types of armour.
You have supernaturally acute eyesight. (SInv)
You cover ground extremely quickly. (Speed+++)


   Skills:
 - Level 2.0 Fighting
 + Level 6.7 Ranged Weapons
 - Level 6.3 Dodging
 - Level 1.5 Stealth


You had 5 spell levels left.
You didn't know any spells.
Your spell library was empty.

Inventory:

Hand Weapons
 a - a +1 shortbow (weapon)
Armour
 c - a +0 robe (worn)
 d - a scarf of resistance (worn)
Jewellery
 i - a ring of positive energy (left hand)
Scrolls
 g - a scroll of teleportation
Potions
 b - a potion of might
 e - 3 potions of curing
 f - a potion of enlightenment {unknown}
 k - a potion of degeneration {unknown}

Dungeon Overview and Level Annotations

Branches:
Dungeon (4/15)
 Temple: D:4-7

Altars:
Ru
Uskayaw


Message History

The orc wizard is severely wounded.
The phantom misses you. The orc wizard closely misses you.
The endoplasm completely misses you.
You shoot an arrow. The arrow barely misses the orc wizard.
The phantom hits you. The orc wizard barely misses you.
The endoplasm freezes you.
You are frozen.
You resist.
You shoot an arrow.
The arrow closely misses the orc wizard.
The phantom misses you. The orc wizard misses you.
The endoplasm barely misses you.
You shoot an arrow. The arrow misses the orc wizard.
The phantom barely misses you.
The orc wizard gestures at you while chanting.
The magic dart hits you. The endoplasm completely misses you.
You shoot an arrow.
The arrow closely misses the orc wizard.
The phantom completely misses you.
The orc wizard hits you but does no damage.
The endoplasm misses you.
You shoot an arrow. The arrow hits the orc wizard.
You kill the orc wizard!
The phantom hits you. The endoplasm completely misses you.
You shoot an arrow.
The arrow hits the phantom but does no damage.
The phantom hits you.
The phantom blinks!
You blink.
The endoplasm misses you.
2529 ||| READING 2 scrolls of teleportation.
As you read the scroll of teleportation, it crumbles to dust.
You feel strangely unstable. The phantom misses you.
The endoplasm barely misses you.
You shoot an arrow. The arrow closely misses the phantom.
The phantom barely misses you. The endoplasm hits you.
You shoot an arrow. The arrow hits the phantom.
The phantom is moderately damaged.
The endoplasm completely misses you. The phantom completely misses you.
The endoplasm barely misses you. The phantom completely misses you.
You shoot an arrow. The arrow hits the phantom!
The phantom is severely damaged.
The phantom hits you!
You die...

...... .
...... .....
#...>.. .....
##......
$....###.....#
............#
.......W....##
........@....#
###..)J.#....#
#...<## #..#
#....## ..#
....(.. .
......# ######


You could see a phantom and an endoplasm.

Vanquished Creatures
  A sky beast (D:3)
  An orc wizard (D:4)
  Natasha (thrice) (D:3)
  4 adders
  3 dart slugs
  A ribbon worm (D:3)
  9 orcs (D:3)
  5 bats
  2 endoplasms (D:2)
  6 giant cockroaches
  2 goblins
  4 hobgoblins
  16 jackals
  10 kobolds
  3 quokkas
  10 ball pythons
  2 frilled lizards
  8 rats
90 creatures vanquished.

Vanquished Creatures (others)
  Sigmund (D:2)
1 creature vanquished.

Grand Total: 91 creatures vanquished

Notes
Turn   | Place    | Note
-------+----------+-------------------------------------------
     0 | D:1      | qw the Spriggan Hunter began the quest for the Orb.
     0 | D:1      | Reached XP level 1. HP: 10/10 MP: 2/2
     0 | D:1      | 0 ||| qw: Version: 0.3-a-155-g5e7d8dd
     0 | D:1      | 0 ||| qw: Game counter: 3514
     0 | D:1      | 0 ||| qw: Melee chars always use a shield: true
     0 | D:1      | 0 ||| qw: God list: Okawaru
     0 | D:1      | 0 ||| qw: Allow faded altars: false
     0 | D:1      | 0 ||| qw: Do Orc after clearing Dungeon:15 true
     0 | D:1      | 0 ||| qw: Do second Lair branch before Depths: true
     0 | D:1      | 0 ||| qw: Lair rune preference: random
     0 | D:1      | 0 ||| qw: Goals: Normal
     0 | D:1      | 0 ||| PLANNING D:1-11
    50 | D:1      | Reached skill level 3 in Dodging
    64 | D:1      | Reached XP level 2. HP: 14/14 MP: 3/3
   249 | D:1      | Reached XP level 3. HP: 18/18 MP: 4/4
   454 | D:1      | 454 ||| UPGRADING to ring of positive energy.
   455 | D:1      | 455 ||| READING scroll labelled HIMATY BAIPH.
   456 | D:1      | 456 ||| READING scroll labelled NOADYE FEROIF.
   457 | D:1      | 457 ||| READING scroll labelled EVOT TANANACW.
   457 | D:1      | 457 ||| IDENTIFYING silvery potion
   458 | D:1      | 458 ||| READING scroll labelled QEOPUEMEUS.
   459 | D:1      | 459 ||| DROPPING scroll of butterflies.
   461 | D:1      | 461 ||| Stepping ~*~*~tactically~*~*~ (cloud).
   975 | D:2      | Noticed Sigmund
   993 | D:2      | HP: 3/18 [Sigmund/puff of flame (7)]
   995 | D:2      | Killed Sigmund
   996 | D:2      | Reached skill level 6 in Dodging
   996 | D:2      | Reached XP level 4. HP: 5/22 MP: 5/5
   996 | D:2      | Reached XP level 5. HP: 6/25 MP: 6/6
  1351 | D:2      | 1351 ||| UPGRADING to scarf of resistance.
  1356 | D:2      | 1356 ||| READING 3 scrolls labelled ASTIONKOAMO.
  1361 | D:2      | 1361 ||| READING scroll labelled RAESIO LAOTT.
  1361 | D:2      | 1361 ||| ENCHANTING +0 shortbow.
  1519 | D:3      | Found a faded altar of an unknown god.
  1583 | D:3      | Found a sacrificial altar of Ru.
  1583 | D:3      | Found a hide-covered altar of Uskayaw.
  1778 | D:3      | Noticed Natasha
  1782 | D:3      | Killed Natasha
  1834 | D:3      | Noticed Natasha
  1844 | D:3      | Killed Natasha
  1845 | D:3      | Reached XP level 6. HP: 24/30 MP: 7/7
  1889 | D:3      | Noticed Natasha
  1899 | D:3      | 1899 ||| RETREEEEATING.
  1901 | D:3      | 1901 ||| RETREEEEATING.
  1907 | D:3      | Killed Natasha
  2191 | D:3      | 2191 ||| DROPPING ring of magical power.
  2192 | D:3      | 2192 ||| READING scroll labelled FEVAYD ZIRCHUDEOM.
  2293 | D:3      | 2293 ||| DRINKING 2 sedimented orange potions.
  2337 | D:4      | 2337 ||| STAIRDANCE
  2344 | D:4      | 2344 ||| STAIRDANCE
  2344 | D:4      | Noticed a sky beast
  2351 | D:4      | 2351 ||| STAIRDANCE
  2371 | D:3      | Killed a sky beast
  2372 | D:3      | Reached skill level 6 in Ranged Weapons
  2456 | D:4      | 2456 ||| STAIRDANCE
  2528 | D:4      | HP: 4/30 [phantom (4)]
  2529 | D:4      | 2529 ||| READING 2 scrolls of teleportation.
  2532 | D:4      | Slain by a phantom

Levels and vault maps discovered:
D:1:      saegor_arrival_simple_e, layout_rooms, minmay_pentomino_r2
D:2:      layout_loops_ring, uniq_sigmund
D:3:      layout_loops_ring, nicolae_overflow_two_pavilions,
          nicolae_ecumenical_snake_handling, uniq_natasha
D:4:      layout_layer_cave, kennysheep_mini, dreamdust_wishing_well

Skill      XL: |  1  2  3  4  5  6 |
---------------+-------------------+-----
Dodging        | 3 4 6 |  6.3
Ranged Weapons | 5 6 |  6.7
Fighting       | 2 |  2.0
Stealth        | |  1.5

Action                     |  1- 3 |  4- 6 || total
---------------------------+-------+-------++-------
   Fire: Shortbow          |   126 |   157 ||   283
    Use: Scroll            |     4 |     4 ||     8
         Potion            |       |     1 ||     1
 Armour: Robe              |     9 |    34 ||    43
  Dodge: Dodged            |    45 |   119 ||   164

Table legend:
 A = Non-vault XP
 B = Vault XP
 C = Vault XP percentage of total XP
 D = Non-vault monster count
 E = Vault monster count
 F = Vault count percentage of total count
                 A         B        C        D         E       F
            +---------+---------+-------+---------+---------+-------
      Total |     438 |     204 |  31.8 |      85 |       6 |   6.6
            +---------+---------+-------+---------+---------+-------
        D:1 |      46 |       1 |   2.1 |      27 |       1 |   3.6
        D:2 |      48 |     165 |  77.5 |      20 |       1 |   4.8
        D:3 |     307 |      38 |  11.0 |      36 |       4 |  10.0
        D:4 |      37 |       0 |   0.0 |       2 |       0 |   0.0
            +---------+---------+-------+---------+---------+-------
